 Dungeon Crawl Stone Soup version 0.18.1-8-gdd0e5ea (webtiles) character file.

3607 thrashmonkey the Blocker (level 9, 0/83 HPs)
             Began as a Minotaur Fighter on June 11, 2016.
             Was a Follower of Okawaru.
             Slain by an orc knight
             ... wielding a +0 halberd
              (17 damage)
             ... in a bailey.
             The game lasted 00:26:44 (7299 turns).

thrashmonkey the Blocker (Minotaur Fighter)         Turns: 7299, Time: 00:26:45

Health: 0/83       AC: 15    Str: 24    XL:     9   Next: 86%
Magic:  8/8        EV:  7    Int:  5    God:    Okawaru [*.....]
Gold:   440        SH: 12    Dex: 12    Spells: 0 memorised, 8 levels left

rFire  . . .     SeeInvis .     A - +2 flail (drain)
rCold  . . .     Gourm    .     i - +0 plate armour
rNeg   . . .     Faith    .     c - +0 shield
rPois  .         Spirit   .     (helmet restricted)
rElec  .         Dismiss  .     e - +0 cloak
rCorr  .         Reflect  .     (no gloves)
SustAt .         Harm     .     (no boots)
MR     .....                    (no amulet)
Stlth  ..........               B - ring of wizardry
                                M - +2 ring of strength

@: not resistant to hostile enchantments, extremely unstealthy
A: retaliatory headbutt, horns 2
a: Heroism, Renounce Religion


You were in a bailey.
You worshipped Okawaru.
Okawaru was aware of your devotion.
You were not hungry.

You visited 2 branches of the dungeon, and saw 9 of its levels.
You also visited: Bailey.

You collected 440 gold pieces.

Inventory:

Hand Weapons
 w - a +1 whip of freezing
 A - a +2 flail of draining (weapon)
 N - a +1 flail of distortion
Armour
 c - a +0 shield (worn)
 e - a +0 cloak (worn)
 i - a +0 plate armour (worn)
Jewellery
 q - an uncursed ring of fire
 B - a ring of wizardry (right hand)
 M - a +2 ring of strength (left hand)
Wands
 d - a wand of flame (21/48)
 t - a wand of slowing (9/48)
 z - a wand of digging (16/24)
Scrolls
 g - a scroll of identify
 l - a scroll of amnesia {unknown}
 p - a scroll of fog {unknown}
 r - 2 scrolls of random uselessness {unknown}
 u - 3 scrolls of teleportation {unknown}
 v - 3 scrolls of remove curse {unknown}
 y - 3 scrolls of immolation {unknown}
 C - a scroll of blinking {unknown}
 E - 2 scrolls of magic mapping {unknown}
 F - a scroll of vulnerability {unknown}
 H - a scroll of enchant armour {unknown}
 I - 4 scrolls of enchant weapon {unknown}
 J - a scroll of recharging {unknown}
 K - a scroll of fear {unknown}
Potions
 b - a potion of lignification {unknown}
 h - 5 potions of flight
 k - 5 potions of curing
 m - 3 potions of mutation {unknown}
 o - a potion of invisibility {unknown}
 s - 2 potions of berserk rage {unknown}
 x - a potion of ambrosia {unknown}
 L - 2 potions of brilliance {unknown}
 O - a potion of magic {unknown}
Comestibles
 f - 6 bread rations
 j - 4 slices of pizza
 D - 2 meat rations
 G - 2 beef jerkies


   Skills:
 + Level 9.0 Fighting
 + Level 9.0 Maces & Flails
 + Level 8.9 Armour
 - Level 2.7 Dodging
 + Level 9.2 Shields
 + Level 0.0 Invocations


You had 8 spell levels left.
You didn't know any spells.

Dungeon Overview and Level Annotations

Branches:
Dungeon (8/15)             Temple (1/1) D:7
   Lair: D:8-11

Altars:
Ashenzari
Cheibriados
Dithmenos
Fedhas
Gozag
Kikubaaqudgha
Makhleb
Nemelex Xobeh
Okawaru
Pakellas
Qazlal
Ru
Sif Muna
Trog
Vehumet
Xom
Yredelemnul
Zin
The Shining One

Shops:
D:5 }

Annotations:
D:4 Typee's ghost, amateur OpWz


Innate Abilities, Weirdness & Mutations

You reflexively headbutt those who attack you in melee.
You have a pair of horns on your head.


Message History

The orc warrior goes into a battle-frenzy!
You block the orc knight's attack.
You hit the orc knight but do no damage.
You drain the orc knight!
The orc knight is moderately wounded.
You block the orc warrior's attack. You block the orc knight's attack.
You hit the orc knight but do no damage.
The orc knight is moderately wounded.
You block the orc warrior's attack. The orc knight hits you with a halberd!
* * * LOW HITPOINT WARNING * * *
You closely miss the orc knight.
The orc knight is moderately wounded.
You block the orc warrior's attack.
Drink which item? (? for menu, Esc to quit)
You feel better. The orc knight barely misses you.
The orc warrior hits you from afar with a spear!!
* * * LOW HITPOINT WARNING * * *
Drink which item? (? for menu, Esc to quit)
You feel better. The orc knight hits you with a halberd!
You die...

#.#≈≈...(((###()....≈≈#.#≈≈......
≈≈≈≈....#########....≈≈≈≈≈.......
.......##.......##...............
......##..#'#'#..##(.............
......#..##)#)##..#(.............
.....##.#########.##.............
.....##.'[#}.[#)'.##.............
.....##.###._.###.##(......(.....
.....##.')#ooo#)@.##.............
.....##.####o####o##.............
(....##..##∩.∩##.o#..............
..(......##'''#..##..............
.........##...o.##...............
≈≈≈≈.....##....##....≈≈≈≈≈.......
#.#≈≈....#######..(.≈≈#.#≈≈......
#.##≈..........(....≈##.##≈......
.^..≈.........(...).≈..^..≈......


You could see an orc knight and an orc warrior.

Vanquished Creatures
  Pikel (D:4)
  4 yaks (D:7)
  A hungry ghost (D:6)
  Duvessa (D:5)
  An ice beast (D:7)
  9 orc warriors
  A phantom (D:6)
  An ogre (D:6)
  2 centaurs
  2 giant frogs
  Dowan (D:5)
  2 crimson imps
  A jelly (D:5)
  2 hounds (D:7)
  2 orc priests
  A giant frog skeleton (D:4)
  5 orc wizards
  A centaur skeleton (D:5)
  2 iguanas
  5 worker ants
  A gnoll (D:3)
  8 adders
  A shadow imp (D:5)
  2 oozes (D:3)
  An adder zombie (D:6)
  2 worms (D:2)
  3 dart slugs
  9 giant geckos
  37 orcs
  4 ball pythons
  4 giant cockroaches
  9 goblins
  7 hobgoblins
  3 jackals (D:7)
  11 kobolds
  2 quokkas (D:4)
  7 bats
  A giant gecko zombie (D:6)
  6 giant newts
  A quokka zombie (D:6)
  4 rats (D:1)
168 creatures vanquished.

Vanquished Creatures (others)
  A hound (D:4)
  A giant newt (D:4)
2 creatures vanquished.

Grand Total: 170 creatures vanquished

Notes
Turn   | Place    | Note
--------------------------------------------------------------
     0 | D:1      | thrashmonkey the Minotaur Fighter began the quest for the Orb.
     0 | D:1      | Reached XP level 1. HP: 19/19 MP: 0/0
   129 | D:1      | Reached XP level 2. HP: 18/27 MP: 1/1
   466 | D:1      | Reached XP level 3. HP: 33/33 MP: 2/2
   713 | D:2      | Found a basalt altar of Yredelemnul.
  1103 | D:3      | Reached XP level 4. HP: 39/40 MP: 3/3
  1464 | D:3      | Found a shadowy altar of Dithmenos.
  1523 | D:3      | Found a snail-covered altar of Cheibriados.
  1573 | D:3      | Found a sparkling altar of Nemelex Xobeh.
  1574 | D:3      | Found an opulent altar of Gozag.
  1898 | D:4      | Noticed Typee's ghost (amateur OpWz)
  2010 | D:4      | Noticed a slave
  2018 | D:4      | Reached XP level 5. HP: 40/47 MP: 4/4
  2070 | D:4      | Noticed Pikel
  2070 | D:4      | Noticed a slave
  2072 | D:4      | Noticed a slave
  2072 | D:4      | Noticed a slave
  2078 | D:4      | Killed Pikel
  2078 | D:4      | Reached skill level 5 in Fighting
  2078 | D:4      | Reached skill level 5 in Maces & Flails
  2078 | D:4      | Reached skill level 5 in Armour
  2078 | D:4      | Reached skill level 5 in Shields
  2078 | D:4      | Reached XP level 6. HP: 22/56 MP: 5/5
  2078 | D:4      | Reached XP level 7. HP: 24/61 MP: 6/6
  2396 | D:4      | Found a burning altar of Makhleb.
  2398 | D:4      | Found a glowing silver altar of Zin.
  2398 | D:4      | Noticed an angel
  2399 | D:4      | Noticed a cacodemon
  2541 | D:5      | Entered Level 5 of the Dungeon
  2601 | D:5      | Found Eson's Gadget Emporium.
  3424 | D:5      | Noticed Duvessa
  3424 | D:5      | Noticed Dowan
  3438 | D:5      | Killed Duvessa
  3438 | D:5      | Reached XP level 8. HP: 60/70 MP: 7/7
  3441 | D:5      | Killed Dowan
  4639 | D:7      | Reached XP level 9. HP: 64/80 MP: 8/8
  5261 | D:7      | Found a staircase to the Ecumenical Temple.
  5269 | Temple   | Entered the Ecumenical Temple
  5278 | Temple   | Became a worshipper of Warmaster Okawaru
  5812 | D:8      | Found a flagged portal.
  5823 | Bailey   | Entered a bailey
  7224 | Bailey   | Reached * piety under Okawaru
  7273 | Bailey   | Found a roughly hewn altar of Beogh.
  7273 | Bailey   | Noticed an orc knight
  7299 | Bailey   | Slain by an orc knight

Skill      XL: |  1  2  3  4  5  6  7  8  9 |
---------------+----------------------------+-----
Shields        | 4 5 6 7 9 |  9.2
Maces & Flails | 3 4 5 6 7 9 |  9.0
Armour         | 4 5 6 7 8 |  8.9
Fighting       | 4 5 6 7 9 |  9.0
Dodging        | 2 |  2.7

Action                   |  1- 3 |  4- 6 |  7- 9 || total
-------------------------+-------+-------+-------++-------
Melee: Flail             |   119 |    62 |   244 ||   425
       Headbutt          |    13 |    15 |    66 ||    94
       Whip              |       |       |   116 ||   116
Invok: Heroism           |       |       |     1 ||     1
Evoke: Wand              |       |     4 |     4 ||     8
  Use: Potion            |       |     1 |     3 ||     4
       Scroll            |       |       |     3 ||     3
  Eat: Chunk             |     1 |     3 |    17 ||    21
       Fruit             |       |       |     7 ||     7
Armor: Scale mail        |    71 |    26 |    33 ||   130
       Chain mail        |       |       |    82 ||    82
       Plate armour      |       |       |     9 ||     9
Dodge: Dodged            |    25 |    17 |    84 ||   126
Block: Shield            |    47 |    32 |   207 ||   286
